Map: Sunset Valley LE

Players

HaChaCha

  • Race: Zerg Zerg
  • League: Silver
  • Spawn Location: 12:00

Pisets

  • Race: Zerg Zerg
  • Spawn Location: 12:00

MooEsqoo

  • Race: Protoss Protoss
  • Spawn Location: 11:00

Escobar

  • Race: Protoss Protoss
  • Spawn Location: 9:00

Ponchovius

  • Race: Protoss Protoss
  • Spawn Location: 5:00

froid

  • Race: Terran Terran
  • Spawn Location: 6:00

Nahasapee

  • Race: Zerg Zerg
  • Spawn Location: 5:00

Tortuga

  • Race: Protoss Protoss
  • Spawn Location: 5:00

VOD

Have the link to the VOD?

Description

Time

  • Played on: Nov. 12, 2019, 3:22 p.m.
  • Length: 19:21
Show
View Real Time Build Order
Export as new Build Order

HaChaCha Zerg 

Build Orders: Pool First, Muta Ling Bane 

Get SALT Encoding   

  12  0:02  Drone  
  13  0:13  Overlord  
  13  0:18  Drone  
  14  0:31  Drone x2  
  16  0:43  Drone  
  17  0:52  Drone  
  18  0:57  Spawning Pool  
  18  1:02  Drone  
  18  1:19  Drone x2  
  18  1:21  Hatchery  
  18  1:23  Extractor  
  18  1:31  Overlord  
  18  1:45  Queen  
  21  1:47  Zergling x2  
  21  1:52  Spine Crawler  
  20  1:58  Drone  
  21  2:08  Zergling x2  
  22  2:21  Drone  
  23  2:29  Spine Crawler  
  22  2:34  Queen  
  24  2:45  Spine Crawler  
  23  2:56  Baneling Nest  
  22  2:58  Queen  
  24  3:10  Drone x3  
  24  3:11  Drone  
  29  3:12  Zergling x2  
  29  3:22  Pneumatized Carapace  
  29  3:27  Extractor  
  28  3:38  Drone x3  
  31  3:45  Metabolic Boost  
  31  3:50  Drone x5  
  36  3:58  Baneling x2  
  36  4:36  Lair  
  36  4:40  Overlord  
  36  4:41  Overlord x3  
  36  4:56  Spore Crawler  
  35  5:01  Queen  
  37  5:21  Drone x2  
  37  5:22  Drone x3  
  42  5:36  Extractor  
  42  5:37  Burrow  
  42  5:38  Extractor  
  42  5:42  Overseer  
  40  5:56  Overseer  
  40  6:07  Baneling x2  
  40  6:08  Centrifical Hooks  
  40  6:14  Zergling x6  
  40  6:15  Zergling x6  
  46  6:35  Evolution Chamber  
  46  6:39  Spire  
  44  6:48  Drone x3  
  44  6:49  Queen  
  49  6:54  Overseer  
  49  7:25  Queen  
  51  7:37  Queen  
  53  7:44  Spore Crawler  
  53  7:45  Spore Crawler  
  51  8:01  Queen  
  53  8:12  Zerg Flyer Weapons Level 1  
  53  8:14  Overlord x6  
  53  8:15  Overlord  
  53  8:44  Spore Crawler  
  52  8:58  Mutalisk  
  52  8:59  Mutalisk x13  
  80  9:41  Infestation Pit  
  80  9:42  Mutalisk  
  80  9:43  Mutalisk x3  
  87  9:48  Hatchery  
  86  9:54  Overseer  
  86  9:55  Overseer  
  86  10:08  Baneling x2  
  86  10:09  Baneling x3  
  84  10:47  Overlord x3  
  84  10:48  Drone x3  
  84  10:49  Drone  
  88  11:02  Queen  
  90  11:09  Drone  
  90  11:10  Drone  
  92  11:20  Overseer  
  92  11:42  Hive  
  92  11:45  Spore Crawler  
  91  11:52  Corruptor  
  91  11:53  Corruptor  
  95  12:17  Zerg Flyer Armor Level 1  
  61  12:39  Infestor x4  
  61  12:40  Infestor  
  71  13:12  Drone x5  
  76  13:13  Queen x3  
  82  13:28  Queen  
  68  13:57  Queen x3  
  74  14:09  Drone x7  
  72  14:10  Drone x4  
  72  14:11  Drone x6  
  72  14:14  Spore Crawler  
  72  14:15  Spore Crawler  
  58  14:32  Queen x2  
  58  14:33  Queen  
  60  14:56  Corruptor  
  60  14:57  Corruptor x6  
  74  15:13  Queen  
  74  15:23  Adrenal Glands  
  60  16:17  Infestor x4  
  60  16:18  Infestor x2  
  72  17:01  Neural Parasite  
  72  17:27  Infestor x2  
  76  17:32  Overlord  
  76  17:33  Overlord x6  
  76  17:46  Overlord x3  
  76  17:47  Overlord x3  
  76  17:55  Hatchery  
  54  18:35  Infestor  
  54  18:36  Corruptor x2  
  54  18:37  Corruptor, Infestor  
Show
View Real Time Build Order
Export as new Build Order

Pisets Zerg 

Build Orders: Hatch First, Zergling Baneling 

Get SALT Encoding   

  12  0:09  Drone x2  
  14  0:16  Overlord  
  14  0:39  Drone x2  
  16  0:53  Drone  
  16  0:54  Hatchery  
  16  1:01  Drone  
  17  1:13  Spawning Pool  
  17  1:14  Drone  
  17  1:18  Drone  
  18  1:26  Overlord  
  18  1:30  Extractor x2  
  16  1:40  Drone  
  16  1:46  Drone  
  18  1:57  Drone  
  19  2:03  Queen  
  21  2:12  Drone, Queen  
  24  2:15  Overlord  
  24  2:20  Zergling x2  
  25  2:26  Baneling Nest  
  25  2:29  Drone  
  25  2:30  Drone  
  25  2:34  Drone  
  27  2:42  Zergling x2  
  27  2:43  Drone  
  29  2:51  Zergling x2  
  30  3:01  Metabolic Boost  
  30  3:03  Overlord  
  30  3:13  Drone x2  
  30  3:14  Zergling x2  
  30  3:19  Drone  
  34  3:20  Spore Crawler  
  34  3:21  Drone x2  
  34  3:24  Drone  
  36  3:32  Zergling x2  
  37  3:36  Baneling x2  
  37  3:37  Baneling x4  
  37  3:41  Drone  
  38  3:48  Drone x3  
  40  3:49  Drone  
  40  3:55  Spore Crawler  
  41  4:08  Zergling x2  
  41  4:09  Zergling x4  
  44  4:10  Zergling x4  
  44  4:13  Lair  
  44  4:30  Zergling x2  
  44  4:31  Zergling x4  
  44  4:32  Zergling x6  
  46  4:55  Baneling x2  
  46  4:56  Baneling x3  
  46  4:57  Zergling x4  
  48  5:00  Drone x2  
  48  5:03  Extractor  
  48  5:05  Extractor  
  48  5:11  Evolution Chamber, Drone  
  48  5:12  Evolution Chamber  
  48  5:14  Evolution Chamber  
  46  5:16  Hydralisk Den  
  46  5:20  Zergling x2  
  46  5:23  Zergling x4  
  48  5:28  Drone  
  49  5:36  Zergling x4  
  51  5:56  Overlord x3  
  51  6:03  Zerg Ground Armor Level 1  
  51  6:04  Hatchery, Zerg Missile Weapons Level 1  
  51  6:05  Zerg Melee Weapons Level 1  
  51  6:07  Centrifical Hooks  
  51  6:10  Grooved Spines  
  50  6:17  Drone x2  
  52  6:19  Drone  
  53  6:25  Drone  
  53  6:26  Drone  
  53  6:27  Drone  
  56  6:47  Hatchery  
  55  6:55  Overlord x2  
  55  7:01  Drone x4  
  58  7:03  Drone  
  58  7:06  Drone  
  61  7:11  Spore Crawler  
  60  7:16  Baneling  
  60  7:17  Baneling x3  
  60  7:21  Muscular Augments  
  60  7:25  Lurker Den  
  59  7:41  Overlord x2  
  59  7:44  Hydralisk x3  
  59  7:47  Hydralisk x2  
  59  7:49  Hydralisk  
  71  8:08  Drone  
  72  8:14  Drone x3, Overlord x2  
  72  8:16  Drone x4  
  79  8:21  Drone x2  
  79  8:22  Drone  
  79  8:24  Queen  
  79  8:26  Drone  
  85  8:27  Drone  
  86  8:34  Overseer x3  
  86  8:41  Hydralisk x2  
  86  8:42  Hydralisk  
  92  8:57  Zerg Ground Armor Level 2  
  92  8:58  Zerg Missile Weapons Level 2  
  92  8:59  Zerg Melee Weapons Level 2  
  92  9:02  Queen  
  94  9:03  Overlord  
  94  9:20  Lurker Den  
  94  9:21  Extractor  
  94  9:23  Extractor  
  91  9:26  Spore Crawler  
  91  9:27  Drone x2  
  91  9:28  Drone  
  93  9:35  Hydralisk x5  
  93  9:36  Hydralisk  
  105  9:38  Burrow  
  105  9:45  Infestation Pit  
  86  10:44  Hydralisk x4  
  86  10:45  Hydralisk  
  86  10:47  Hydralisk x2  
  86  10:48  Hydralisk x4  
  86  10:49  Queen  
  110  10:52  Drone x4  
  110  10:53  Drone  
  110  10:56  Drone  
  116  11:07  Hydralisk x4  
  116  11:08  Hydralisk x5  
  134  11:12  Overlord  
  134  11:13  Overlord  
  134  11:16  Hive  
  134  11:20  Overseer  
  134  11:25  Pneumatized Carapace  
  134  11:26  Zergling x10  
  134  11:27  Zergling x6  
  142  11:33  Zergling x10  
  73  12:30  Hydralisk x2  
  73  12:31  Hydralisk x2  
  77  12:39  Ultralisk Cavern, Zerg Ground Armor Level 3  
  77  12:40  Zerg Missile Weapons Level 3  
  77  12:41  Zerg Melee Weapons Level 3  
  77  12:43  Adrenal Glands  
  72  12:46  Hydralisk x5  
  72  12:49  Overlord x2  
  82  13:10  Queen  
  82  13:11  Viper  
  82  13:12  Viper  
  90  13:21  Hydralisk x4  
  90  13:25  Hydralisk  
  100  13:35  Pathogen Glands  
  100  13:53  Hydralisk x3  
  100  13:54  Hydralisk  
  108  13:58  Hydralisk x4  
  116  14:27  Hydralisk x6  
  116  14:30  Hydralisk x3  
  134  14:32  Hydralisk x2  
  134  14:34  Zergling x12  
  134  14:36  Zergling x2  
  133  15:36  Overlord x2  
  133  15:37  Overlord x5  
  133  15:40  Chitinous Plating  
  73  16:18  Viper x3  
  63  16:21  Zergling x2  
  63  16:22  Zergling x26  
  63  16:24  Zergling x6, Queen  
  91  16:27  Zergling x2  
  91  16:28  Zergling x16  
  100  16:48  Overseer  
  100  16:59  Anabolic Synthesis  
  100  17:12  Zergling x10  
  100  17:13  Zergling x8  
  100  17:14  Zergling x2  
  100  17:15  Zergling x6  
  113  17:20  Zergling x10  
  64  18:18  Viper  
  64  18:19  Viper x3  
  71  18:41  Hydralisk  
  71  18:42  Hydralisk x8  
Show
View Real Time Build Order
Export as new Build Order

MooEsqoo Protoss 

Build Orders: 1 Gate Expand 

Get SALT Encoding   

  12  0:03  Probe  
  13  0:16  Probe  
  14  0:21  Pylon  
  14  0:28  Probe  
  15  0:40  Probe  
  16  0:45  Gateway  
  16  0:48  Assimilator  
  16  0:52  Probe  
  17  1:04  Probe  
  18  1:16  Probe  
  19  1:25  Nexus  
  19  1:29  Probe  
  20  1:38  Cybernetics Core  
  20  1:42  Probe  
  20  1:46  Pylon  
  21  1:54  Probe  
  21  1:58  Assimilator  
  22  2:06  Probe  
  23  2:15  Warp Gate  
  23  2:16  Stalker  
  25  2:29  Probe  
  26  2:42  Twilight Council  
  26  2:50  Stalker  
  28  3:01  Probe  
  29  3:06  Probe  
  30  3:13  Probe  
  31  3:20  Assimilator  
  31  3:21  Probe  
  31  3:24  Stalker  
  31  3:25  Probe  
  35  3:30  Gateway  
  35  3:31  Gateway  
  35  3:34  Robotics Facility, Probe  
  36  3:39  Probe  
  37  3:46  Probe  
  38  3:51  Probe  
  39  3:58  Probe  
  40  4:47  Stalker x2  
  40  4:48  Stalker  
  46  5:03  Pylon  
  46  5:04  Pylon  
  46  5:07  Pylon  
  46  5:10  Pylon  
  46  5:14  Gateway x2  
  46  5:19  Stargate  
  46  5:24  Probe  
  46  5:26  Probe  
  46  5:27  Warp Prism  
  50  5:36  Probe  
  50  5:38  Probe  
  50  5:42  Assimilator  
  52  5:48  Probe  
  53  5:50  Probe  
  53  5:54  Blink  
  54  6:00  Probe  
  54  6:03  Forge  
  55  6:23  Stalker x2  
  55  6:24  Stalker x2  
  63  6:26  Stalker  
  65  6:50  Stalker x3  
  65  6:51  Stalker x2  
  75  7:17  Zealot  
  77  7:30  Pylon  
  77  7:32  Pylon  
  77  7:33  Protoss Ground Weapons Level 1  
  77  7:34  Pylon  
  77  7:37  Pylon  
  77  7:39  Pylon  
  77  7:42  Pylon  
  77  7:44  Probe  
  78  7:56  Probe, Zealot x2  
  78  7:57  Zealot x2  
  87  7:59  Sentry  
  89  8:09  Probe  
  90  8:20  Stalker x3  
  90  8:21  Probe, Stalker  
  95  8:58  Stalker x2  
  95  8:59  Stalker x3  
  105  9:08  Pylon  
  105  9:09  Pylon  
  105  9:20  Gateway  
  105  9:21  Gateway  
  105  9:24  Gateway  
  105  9:44  Stalker x3  
  105  9:45  Stalker x2  
  69  10:19  Stalker x2  
  69  10:20  Stalker x4  
  69  10:21  Stalker x2  
  75  10:44  Stalker  
  75  10:45  Stalker x6  
  75  10:46  Stalker  
  91  10:55  Nexus  
  91  11:12  Zealot x2  
  91  11:13  Zealot x5  
  91  11:14  Zealot  
  95  11:49  Pylon  
  95  11:57  Stalker x5  
  95  11:58  Stalker x3  
  81  12:47  Stalker x3  
  81  12:48  Stalker x5  
  87  13:12  Stalker  
  77  13:13  Stalker x6  
  77  13:14  Stalker  
  64  13:45  Stalker  
  64  13:46  Stalker x5  
  76  14:04  Nexus  
  76  14:07  Assimilator  
  65  15:23  Probe  
  66  15:35  Probe  
  67  15:47  Probe  
  68  15:53  Stalker  
  68  15:54  Stalker x2  
  68  15:55  Stalker x4  
  82  15:59  Probe  
  83  16:11  Probe  
  84  16:23  Probe  
  84  16:24  Assimilator  
  81  16:35  Probe  
  52  16:55  Pylon  
  52  17:04  Stargate  
  52  17:06  Stargate  
  52  17:08  Stargate  
  52  17:13  Stargate  
  52  17:20  Fleet Beacon  
  52  17:27  Stalker x3  
  52  17:28  Stalker x5  
  68  17:54  Probe  
  69  18:06  Probe  
  70  18:18  Probe  
  71  18:21  Stalker x5  
  71  18:22  Stalker x3  
Show
View Real Time Build Order
Export as new Build Order

Escobar Protoss 

Build Orders: Cannon Rush 

Get SALT Encoding   

  12  0:02  Probe (Chrono Boost)  
  13  0:11  Probe (Chrono Boost)  
  14  0:16  Probe (Chrono Boost)  
  15  0:27  Pylon  
  15  0:50  Gateway  
  15  0:51  Forge  
  15  0:58  Pylon  
  15  1:13  Pylon  
  15  1:17  Assimilator  
  15  1:31  Photon Cannon  
  15  1:34  Photon Cannon  
  15  1:47  Photon Cannon  
  15  1:51  Zealot  
  17  2:04  Cybernetics Core  
  17  2:11  Probe (Chrono Boost)  
  18  2:22  Probe (Chrono Boost)  
  19  2:26  Probe (Chrono Boost)  
  20  2:39  Assimilator  
  20  2:43  Probe (Chrono Boost)  
  21  2:53  Probe (Chrono Boost)  
  22  2:58  Probe (Chrono Boost)  
  22  3:00  Stargate  
  22  3:04  Pylon  
  23  3:16  Probe (Chrono Boost)  
  24  3:27  Probe (Chrono Boost)  
  25  3:31  Probe (Chrono Boost)  
  26  3:36  Nexus  
  26  3:42  Pylon  
  24  4:17  Void Ray (Chrono Boost)  
  28  4:38  Stargate  
  28  4:43  Shield Battery x2  
  28  5:01  Pylon  
  28  5:02  Pylon  
  28  5:05  Pylon  
  28  5:11  Void Ray  
  32  5:18  Probe (Chrono Boost)  
  33  5:27  Photon Cannon  
  34  5:29  Probe (Chrono Boost)  
  34  5:33  Probe (Chrono Boost)  
  35  5:45  Probe  
  35  5:47  Shield Battery  
  35  5:49  Shield Battery  
  36  5:52  Photon Cannon  
  36  5:53  Photon Cannon  
  36  5:58  Probe (Chrono Boost)  
  37  6:05  Probe (Chrono Boost)  
  37  6:09  Void Ray  
  42  6:16  Probe (Chrono Boost)  
  43  6:20  Assimilator, Probe (Chrono Boost)  
  43  6:21  Pylon  
  43  6:24  Assimilator  
  44  6:47  Photon Cannon  
  44  6:51  Photon Cannon  
  44  6:52  Pylon  
  44  6:54  Void Ray  
  44  6:55  Shield Battery  
  48  7:13  Shield Battery  
  48  7:19  Pylon  
  48  7:23  Photon Cannon  
  48  7:35  Probe (Chrono Boost)  
  48  7:36  Photon Cannon  
  49  7:38  Void Ray  
  49  7:42  Void Ray  
  58  7:45  Probe (Chrono Boost)  
  58  7:50  Probe (Chrono Boost)  
  59  8:03  Nexus  
  59  8:21  Void Ray  
  63  8:42  Void Ray  
  63  9:08  Probe (Chrono Boost)  
  64  9:13  Probe (Chrono Boost)  
  66  9:18  Probe (Chrono Boost)  
  66  9:22  Probe (Chrono Boost)  
  67  9:25  Probe (Chrono Boost)  
  67  9:27  Stargate, Probe (Chrono Boost)  
  67  9:29  Stargate  
  69  9:33  Fleet Beacon  
  69  9:34  Probe  
  69  9:36  Pylon x2  
  69  9:37  Probe  
  71  9:39  Stargate  
  42  10:16  Void Ray  
  42  10:17  Void Ray  
  38  10:34  Probe (Chrono Boost)  
  39  10:44  Probe (Chrono Boost)  
  39  10:49  Probe (Chrono Boost)  
  40  10:56  Assimilator  
  41  11:00  Assimilator  
  41  11:02  Probe (Chrono Boost)  
  43  11:04  Probe (Chrono Boost)  
  44  11:13  Probe (Chrono Boost)  
  44  11:14  Probe (Chrono Boost)  
  45  11:19  Carrier  
  45  11:21  Probe x2 (Chrono Boost)  
  53  11:27  Probe  
  53  11:28  Probe  
  53  11:32  Robotics Facility  
  55  11:39  Probe (Chrono Boost)  
  57  11:42  Probe (Chrono Boost)  
  57  11:46  Probe (Chrono Boost)  
  58  11:49  Probe (Chrono Boost)  
  58  11:51  Probe (Chrono Boost), Carrier  
  66  11:57  Probe x2 (Chrono Boost)  
  66  11:59  Cybernetics Core  
  68  12:05  Probe x2  
  68  12:07  Protoss Air Weapons Level 1 (Chrono Boost)  
  70  12:17  Probe  
  70  12:20  Observer (Chrono Boost)  
  72  12:33  Observer (Chrono Boost)  
  83  12:44  Tempest (Chrono Boost)  
  83  12:46  Tempest (Chrono Boost)  
  83  12:48  Tempest (Chrono Boost)  
  93  12:51  Tempest (Chrono Boost)  
  93  12:53  Observer  
  94  13:09  Pylon  
  94  13:10  Pylon  
  94  13:19  Phoenix (Chrono Boost)  
  96  13:36  Pylon  
  96  13:37  Pylon  
  96  13:40  Shield Battery x2  
  96  13:42  Shield Battery  
  96  13:43  Shield Battery  
  96  13:46  Shield Battery x2  
  96  13:59  Phoenix x3 (Chrono Boost)  
  96  14:00  Phoenix (Chrono Boost)  
  96  14:01  Phoenix (Chrono Boost)  
  106  14:05  Anion Pulse-Crystals  
  106  14:28  Phoenix  
  106  14:29  Phoenix  
  106  14:31  Phoenix  
  112  14:32  Phoenix  
  112  14:33  Phoenix  
  116  14:57  Phoenix  
  116  14:58  Phoenix x2  
  116  14:59  Phoenix  
  124  15:00  Phoenix  
  126  15:26  Phoenix x2 (Chrono Boost)  
  126  15:27  Phoenix (Chrono Boost)  
  126  15:28  Phoenix (Chrono Boost)  
  136  15:33  Phoenix (Chrono Boost)  
  136  15:50  Protoss Air Armor Level 1  
  136  15:51  Protoss Air Weapons Level 2  
  136  15:56  Phoenix  
  136  15:57  Phoenix x3  
  140  15:58  Phoenix  
  146  16:21  Phoenix  
  146  16:22  Phoenix x2  
  146  16:23  Phoenix  
  146  16:24  Phoenix  
  150  16:50  Phoenix x2  
  150  16:51  Phoenix  
  156  17:07  Pylon  
  156  17:09  Pylon  
  156  17:11  Pylon  
  156  17:12  Pylon  
  156  17:14  Pylon  
  156  17:15  Pylon  
  156  17:18  Pylon  
  156  17:28  Pylon, Phoenix (Chrono Boost)  
  156  17:29  Pylon  
  158  17:32  Pylon  
  158  17:41  Phoenix (Chrono Boost)  
  158  17:42  Phoenix (Chrono Boost)  
  166  17:46  Phoenix (Chrono Boost)  
  166  17:53  Phoenix (Chrono Boost)  
  168  18:01  Phoenix (Chrono Boost)  
Show
View Real Time Build Order
Export as new Build Order

Ponchovius Protoss 

Build Orders:  

Get SALT Encoding   

  12  0:25  Pylon  
  12  0:28  Probe (Chrono Boost)  
  13  0:33  Pylon  
  13  0:37  Probe (Chrono Boost)  
  14  0:43  Gateway  
  14  0:44  Probe  
  15  0:56  Assimilator, Probe (Chrono Boost)  
  16  1:07  Assimilator  
  16  1:08  Probe (Chrono Boost)  
  17  1:17  Probe (Chrono Boost)  
  18  1:19  Pylon  
  18  1:23  Probe  
  19  1:34  Forge  
  19  1:35  Probe  
  20  1:46  Cybernetics Core  
  20  1:52  Pylon  
  20  1:56  Probe  
  21  2:08  Probe  
  21  2:12  Photon Cannon  
  22  2:20  Probe  
  22  2:21  Photon Cannon  
  23  2:28  Pylon  
  23  2:35  Pylon  
  23  2:48  Stargate  
  23  2:59  Stargate  
  23  3:05  Pylon  
  23  3:18  Pylon  
  23  3:21  Assimilator  
  23  3:27  Assimilator  
  23  3:34  Pylon  
  23  3:38  Photon Cannon  
  23  3:43  Photon Cannon  
  23  3:57  Robotics Facility  
  23  4:04  Phoenix  
  25  4:11  Phoenix  
  27  4:20  Pylon  
  27  4:50  Phoenix x2  
  31  5:08  Nexus  
  31  5:18  Photon Cannon  
  31  5:28  Photon Cannon  
  31  5:33  Assimilator  
  31  5:40  Assimilator  
  31  5:53  Observer  
  32  6:01  Fleet Beacon  
  32  6:13  Phoenix  
  34  6:20  Probe (Chrono Boost)  
  35  6:30  Probe (Chrono Boost)  
  36  6:33  Phoenix  
  36  6:35  Probe (Chrono Boost)  
  39  6:45  Anion Pulse-Crystals  
  39  7:07  Nexus  
  39  7:10  Probe  
  40  7:16  Pylon  
  41  7:25  Probe (Chrono Boost)  
  41  7:26  Probe (Chrono Boost)  
  42  7:35  Probe (Chrono Boost)  
  44  7:37  Stargate, Probe (Chrono Boost)  
  44  7:40  Probe (Chrono Boost)  
  44  7:43  Stargate  
  45  7:49  Stargate  
  45  7:51  Probe (Chrono Boost)  
  46  8:01  Probe (Chrono Boost)  
  47  8:07  Probe (Chrono Boost)  
  47  8:09  Probe (Chrono Boost)  
  49  8:18  Probe (Chrono Boost)  
  51  8:22  Probe (Chrono Boost)  
  52  8:27  Probe (Chrono Boost)  
  52  8:28  Phoenix x2  
  52  8:29  Phoenix  
  52  8:30  Probe (Chrono Boost)  
  59  8:34  Probe (Chrono Boost)  
  59  8:35  Phoenix  
  62  8:43  Cybernetics Core  
  62  8:45  Pylon  
  62  8:47  Pylon  
  62  8:53  Twilight Council  
  62  8:55  Pylon  
  62  9:02  Probe  
  63  9:09  Pylon  
  63  9:11  Pylon  
  63  9:14  Pylon, Probe  
  64  9:18  Pylon  
  64  9:21  Pylon  
  64  9:26  Pylon, Probe  
  64  9:30  Pylon  
  65  9:38  Probe  
  66  9:51  Nexus  
  66  10:28  Assimilator  
  66  10:32  Assimilator, Phoenix x5  
  76  10:46  Stargate  
  76  10:47  Stargate  
  75  11:01  Protoss Shields Level 1  
  75  11:04  Phoenix  
  75  11:05  Phoenix x4  
  85  11:13  Protoss Air Weapons Level 1, Protoss Air Armor Level 1  
  85  11:14  Probe (Chrono Boost)  
  86  11:24  Probe (Chrono Boost)  
  87  11:28  Probe (Chrono Boost)  
  88  11:34  Phoenix x4  
  88  11:35  Phoenix  
  88  11:38  Phoenix  
  94  12:50  Phoenix x7  
  108  13:15  Phoenix x7  
  122  13:21  Protoss Shields Level 2  
  122  13:43  Protoss Air Armor Level 2 (Chrono Boost), Protoss Air Weapons Level 2 (Chrono Boost)  
  119  15:25  Phoenix x3  
  119  15:26  Phoenix x3  
  119  15:27  Phoenix  
  117  16:47  Tempest (Chrono Boost)  
  117  16:48  Tempest x4 (Chrono Boost)  
  117  16:51  Tempest (Chrono Boost)  
  152  16:58  Tempest (Chrono Boost)  
  152  17:23  Tempest x2  
  152  17:24  Tempest x3  
  177  17:33  Observer, Tempest  
  183  17:39  Tempest  
  188  17:54  Observer  
  188  18:06  Tempest, Phoenix  
  195  18:14  Tempest  
Show
View Real Time Build Order
Export as new Build Order

froid Terran 

Build Orders:  

Get SALT Encoding   

  12  0:03  SCV  
  13  0:15  SCV  
  13  0:20  Supply Depot  
  14  0:27  SCV  
  15  0:42  SCV  
  16  0:43  Barracks  
  16  0:54  SCV  
  17  1:04  Barracks  
  17  1:06  SCV  
  18  1:15  Barracks  
  18  1:18  SCV  
  19  1:28  Supply Depot  
  19  1:30  SCV  
  20  1:34  Marine  
  21  1:42  SCV  
  22  1:51  Marine  
  22  1:54  Marine  
  23  1:55  Supply Depot  
  23  1:59  SCV  
  25  2:02  Refinery  
  25  2:04  Marine  
  26  2:09  Marine  
  26  2:11  Marine  
  28  2:22  Marine  
  29  2:27  Marine  
  29  2:29  Marine  
  31  2:36  Supply Depot  
  31  2:38  Orbital Command  
  31  2:39  Marine  
  32  2:45  Marine  
  32  2:47  Marine  
  31  2:57  Marine  
  32  3:03  Marine  
  33  3:13  Marine  
  33  3:15  Marine  
  35  3:20  Marine  
  35  3:26  SCV  
  37  3:29  Refinery  
  37  3:31  Marine  
  37  3:33  Marine, Factory  
  39  3:38  Marine, SCV  
  41  3:48  Marine  
  41  3:51  Marine  
  27  4:47  Barracks Tech Lab, Barracks Reactor x2  
  27  4:50  SCV  
  25  5:02  SCV  
  25  5:05  Command Center  
  25  5:06  Factory Tech Lab  
  26  5:11  Marauder, Engineering Bay  
  28  5:14  SCV  
  28  5:15  Stimpack  
  29  5:25  Marine x4  
  29  5:26  SCV  
  34  5:32  Marine  
  35  5:38  SCV  
  35  5:39  Siege Tank  
  39  5:43  Marine x4  
  43  5:50  Marine, SCV  
  43  5:55  Starport  
  45  6:01  Marine x3  
  45  6:02  SCV  
  49  6:08  Marine  
  49  6:14  SCV  
  50  6:26  Marine  
  50  6:28  Marine x3  
  50  6:29  Marine  
  55  6:42  Planetary Fortress  
  55  6:44  Marauder  
  55  6:46  Marine  
  58  6:48  Missile Turret  
  58  6:52  Starport Reactor  
  58  6:54  Combat Shield  
  58  7:05  Marauder  
  60  7:09  Refinery  
  60  7:17  Marine x2  
  62  7:27  Marauder  
  64  7:31  Siege Tank  
  64  7:35  Refinery  
  67  7:49  Terran Infantry Weapons Level 1  
  67  7:55  Engineering Bay  
  67  7:56  SCV  
  68  8:00  Medivac  
  70  8:08  SCV  
  71  8:13  Concussive Shells  
  71  8:21  SCV  
  72  8:28  Medivac  
  72  8:30  Medivac  
  76  8:37  Supply Depot  
  76  8:38  Marine x2  
  78  8:45  Marine x3  
  81  8:50  Armory  
  81  8:56  Marine x2  
  81  8:59  Supply Depot, Siege Tank  
  86  9:03  Marine x3  
  89  9:14  Marine x2  
  91  9:21  Marine x3  
  91  9:22  Supply Depot  
  94  9:32  Marine x2  
  96  9:39  Marine x2  
  96  9:43  Terran Infantry Armor Level 1  
  52  10:30  Marauder, Marine  
  52  10:31  Marine x3  
  50  10:40  Siege Tank  
  53  10:48  Marine x3  
  53  10:49  Marine  
  57  10:50  Missile Turret  
  57  10:51  Marauder  
  59  11:01  Missile Turret  
  59  11:04  Missile Turret  
  59  11:06  Marine x4  
  59  11:09  Medivac  
  65  11:12  Marauder, Siege Tank  
  65  11:17  Terran Infantry Weapons Level 2  
  70  11:24  Marine x3  
  73  11:34  Marauder, Sensor Tower  
  75  11:44  Siege Tank  
  75  11:45  Medivac  
  75  11:46  Medivac  
  82  11:55  Marauder  
  81  12:16  Siege Tank  
  81  12:17  Marauder  
  83  13:33  Missile Turret  
  83  13:41  Siege Tank  
  86  13:44  Marauder, Marine x4  
  92  13:49  Supply Depot  
  92  13:52  Missile Turret  
  92  13:56  Terran Infantry Armor Level 2  
  92  13:58  Terran Infantry Weapons Level 3  
  92  14:02  Marine x4  
  96  14:05  Marauder  
  98  14:13  Siege Tank  
  101  14:19  Marine x2  
  101  14:20  Marine x2  
  105  14:26  Marauder  
  105  14:28  Missile Turret  
  105  14:29  Medivac  
  105  14:30  Medivac  
  111  14:42  Command Center  
  111  14:45  Siege Tank  
  114  14:48  Marauder  
  116  14:57  Sensor Tower  
  116  15:09  Marauder  
  118  15:17  Siege Tank  
  118  15:18  Missile Turret  
  118  15:20  Marine x4  
  125  15:30  Marine  
  126  15:38  Marine x4  
  130  15:54  SCV  
  130  15:55  Missile Turret  
  131  16:01  Planetary Fortress  
  131  16:06  SCV  
  132  16:16  Marine  
  132  16:17  Marine  
  132  16:18  SCV  
  135  16:30  SCV  
  136  16:42  SCV  
  137  16:58  Marine x5  
  142  17:05  Neosteel Armor  
  142  17:08  SCV  
  143  17:14  Refinery  
  143  17:16  Marine x2  
  143  17:20  SCV  
  146  17:32  SCV  
  147  17:40  Missile Turret  
Show
View Real Time Build Order
Export as new Build Order

Nahasapee Zerg 

Build Orders: Pool First 

Get SALT Encoding   

  12  0:04  Drone  
  13  0:12  Drone  
  14  0:32  Spawning Pool  
  14  0:33  Drone  
  14  0:38  Overlord  
  14  1:01  Drone  
  15  1:17  Drone x2  
  17  1:19  Zergling x2  
  17  1:21  Queen  
  20  1:37  Zergling x2  
  21  1:43  Drone  
  21  1:47  Extractor  
  21  1:54  Zergling x2  
  22  2:09  Overlord  
  22  2:29  Roach Warren  
  21  2:35  Zergling x10  
  26  3:12  Zergling x8  
  30  3:13  Overlord  
  30  3:21  Metabolic Boost  
  30  3:43  Hatchery  
  21  4:10  Zergling x2  
  21  4:11  Zergling x10  
  21  4:15  Lair  
  24  4:51  Roach x3  
  30  4:52  Zergling x2  
  30  4:53  Zergling x2  
  30  4:55  Queen  
  33  5:07  Drone  
  33  5:08  Drone  
  35  5:20  Drone  
  35  5:21  Drone x3  
  38  5:24  Extractor  
  38  5:26  Drone  
  38  5:27  Drone x2  
  41  5:44  Drone  
  41  5:48  Glial Reconstitution  
  42  6:07  Hatchery  
  41  6:11  Zergling x2  
  41  6:12  Zergling x4  
  44  6:21  Baneling Nest  
  44  6:22  Overlord  
  43  6:50  Roach x4  
  43  6:51  Zergling x2  
  43  6:52  Overlord  
  43  6:53  Overlord  
  52  6:59  Evolution Chamber  
  51  7:07  Baneling x3  
  51  7:14  Zergling x2  
  51  7:15  Zergling x12  
  58  7:35  Drone x2  
  58  7:36  Queen  
  62  7:43  Tunneling Claws  
  62  7:48  Zerg Melee Weapons Level 1  
  62  7:51  Zergling x2  
  62  7:52  Zergling x12  
  69  7:59  Drone  
  69  8:00  Drone  
  71  8:16  Spire  
  70  8:27  Extractor  
  70  8:28  Drone  
  70  8:29  Drone x2  
  72  8:40  Baneling x2  
  72  8:45  Roach  
  72  8:47  Overlord x2  
  74  9:01  Overlord  
  74  9:13  Roach  
  74  9:14  Roach x4  
  84  9:20  Drone  
  84  9:21  Drone  
  86  9:30  Roach  
  86  9:31  Roach  
  53  10:24  Roach x8  
  53  10:27  Roach x3  
  53  10:28  Zergling x2  
  68  10:49  Extractor, Drone x3  
  70  11:08  Drone  
  71  11:16  Mutalisk  
  71  11:17  Mutalisk x4  
  81  11:24  Zergling x4  
  83  11:53  Drone x6  
  63  12:31  Zergling x4  
  63  12:32  Zergling x2  
  63  12:34  Zergling x2  
  63  12:35  Zergling x22  
  74  12:42  Zerg Melee Weapons Level 2  
  70  12:59  Infestation Pit  
  70  13:00  Baneling  
  70  13:01  Baneling  
  70  13:02  Baneling x6  
  69  13:12  Roach  
  77  13:13  Roach x4  
  77  13:19  Roach x4  
  87  13:43  Drone x3  
  90  13:48  Overlord x2  
  90  14:13  Zergling x20  
  90  14:14  Zergling x4  
  102  14:28  Drone  
  102  14:29  Drone x2  
  105  14:55  Overlord  
  105  14:56  Overlord x2  
  105  14:58  Zerg Ground Armor Level 1  
  105  15:00  Roach x4  
  113  15:17  Hatchery  
  112  15:33  Roach x4  
  112  15:34  Roach x7  
  134  15:57  Roach  
  136  16:14  Overlord  
  136  16:15  Overlord x2  
  136  16:19  Hive  
  136  16:25  Overlord x2  
  136  16:35  Roach  
  136  16:36  Roach x2  
  142  16:53  Queen  
  144  16:58  Roach x4  
  144  16:59  Roach  
  154  17:34  Viper  
  154  17:35  Viper x2  
  163  17:46  Zergling x20  
  108  18:54  Zergling x2  
  108  18:55  Zergling x8  
Show
View Real Time Build Order
Export as new Build Order

Tortuga Protoss 

Build Orders: Cannon Rush, Carriers 

Get SALT Encoding   

  12  0:01  Probe (Chrono Boost)  
  13  0:11  Probe (Chrono Boost)  
  14  0:23  Pylon  
  14  0:25  Probe  
  15  0:41  Forge  
  15  0:47  Pylon  
  15  0:50  Probe  
  16  1:02  Probe  
  17  1:13  Gateway  
  17  1:19  Photon Cannon  
  17  1:28  Photon Cannon  
  17  1:35  Photon Cannon  
  17  1:59  Nexus  
  17  2:05  Probe (Chrono Boost)  
  18  2:15  Probe (Chrono Boost)  
  19  2:20  Probe (Chrono Boost)  
  20  2:28  Cybernetics Core  
  20  2:31  Probe  
  20  2:35  Assimilator  
  21  2:40  Assimilator  
  21  2:43  Probe  
  22  2:55  Assimilator  
  22  2:56  Probe  
  23  3:00  Assimilator  
  23  3:11  Probe x2 (Chrono Boost)  
  25  3:22  Probe (Chrono Boost)  
  25  3:23  Probe (Chrono Boost)  
  25  3:26  Probe (Chrono Boost)  
  27  3:27  Pylon  
  27  3:32  Probe  
  29  3:38  Probe  
  29  3:39  Pylon  
  30  3:44  Probe  
  31  3:48  Stargate  
  31  3:50  Probe  
  32  3:56  Probe  
  34  4:03  Probe (Chrono Boost)  
  34  4:08  Probe (Chrono Boost)  
  36  4:20  Stargate, Probe x2 (Chrono Boost)  
  37  4:24  Probe (Chrono Boost)  
  37  4:26  Probe  
  39  4:35  Probe  
  39  4:36  Void Ray (Chrono Boost)  
  40  4:38  Probe  
  45  4:47  Pylon  
  45  4:49  Pylon  
  45  4:50  Probe  
  45  4:51  Pylon  
  46  4:54  Pylon  
  46  5:02  Probe  
  46  5:04  Void Ray  
  51  5:12  Void Ray  
  55  5:32  Assimilator  
  55  5:37  Assimilator  
  55  5:47  Void Ray  
  59  5:53  Stargate  
  59  5:54  Void Ray  
  63  5:57  Stargate  
  63  6:30  Nexus, Probe  
  64  6:34  Probe  
  65  6:42  Protoss Shields Level 1 (Chrono Boost), Probe  
  65  6:46  Probe  
  65  6:47  Twilight Council, Fleet Beacon  
  67  6:51  Protoss Air Weapons Level 1  
  67  6:54  Probe  
  67  6:57  Void Ray x2  
  67  6:58  Probe  
  77  7:06  Pylon  
  77  7:09  Pylon  
  77  7:14  Pylon x2  
  77  7:16  Pylon  
  77  7:17  Pylon  
  77  7:19  Pylon  
  77  7:49  Tempest x2  
  77  7:50  Tempest  
  92  7:55  Tempest  
  69  9:03  Carrier x4  
  93  9:24  Protoss Shields Level 2 (Chrono Boost)  
  93  9:41  Protoss Air Armor Level 1 (Chrono Boost)  
  93  10:06  Tempest  
  93  10:07  Tempest x3  
  93  10:09  Anion Pulse-Crystals (Chrono Boost)  
  99  10:55  Carrier (Chrono Boost)  
  105  11:02  Carrier (Chrono Boost)  
  111  11:06  Carrier (Chrono Boost)  
  117  11:19  Carrier (Chrono Boost)  
  123  11:50  Pylon  
  123  11:51  Pylon, Carrier (Chrono Boost)  
  123  11:53  Pylon, Carrier (Chrono Boost)  
  123  11:54  Pylon  
  123  11:55  Pylon  
  129  13:26  Carrier x3 (Chrono Boost)  
  129  13:27  Carrier (Chrono Boost)  
  129  13:33  Protoss Shields Level 3 (Chrono Boost)  
  153  13:48  Protoss Air Weapons Level 2  
  153  14:03  Robotics Facility  
  153  14:52  Carrier (Chrono Boost)  
  153  14:53  Observer, Carrier x3 (Chrono Boost)  
  173  17:21  Mothership (Chrono Boost)  
  181  17:45  Nexus  
  181  17:47  Assimilator x2  
Tags
 
Add a new tag
Caveats
  • Supply blocks, unpowered buildings, or Contaminate may cause inaccurate times.
  • Supply counts are checked every 10 seconds.